 Dungeon Crawl Stone Soup version 0.17-a0-2024-gc284f19 (webtiles) character file.

299 Ghalim the Cudgeler (level 6, -1/48 HPs)
             Began as a Human Conjurer on Oct 9, 2015.
             Slain by a crimson imp (2 damage)
             ... on level 5 of the Dungeon.
             The game lasted 00:18:45 (5168 turns).

Ghalim the Cudgeler (Human Conjurer)                Turns: 5168, Time: 00:18:46

Health: -1/48      AC:  7    Str: 10    XL:     6   Next: 63%
Magic:  2/9        EV: 10    Int: 16    God:
Gold:   128        SH:  0    Dex: 13    Spells: 2 memorised, 6 levels left

rFire  . . .     SeeInvis .     r - +0 whip
rCold  . . .     Clarity  .     h - +0 ring mail (curse)
rNeg   . . .     SustAt   .     (no shield)
rPois  .         Gourm    .     (no helmet)
rElec  .         Spirit   .     d - +0 cloak
rCorr  .         Warding  .     l - +0 pair of gloves
rMut   .         Stasis   +     (no boots)
MR     .....                    i - amulet of stasis
Stlth  +.........               (no ring)
                                (no ring)

@: lethally poisoned (-1 -> -2), flying, not resistant to hostile enchantments,
very unstealthy
A: no striking features
a: no special abilities


You were on level 5 of the Dungeon.
You were near starving.

You visited 1 branch of the dungeon, and saw 5 of its levels.
You also visited: Sewer.

You collected 128 gold pieces.

Inventory:

Hand Weapons
 r - a +0 whip (weapon)
Armour
 a - a +0 robe
 d - a +0 cloak (worn)
 h - a cursed +0 ring mail (worn)
 l - a +0 pair of gloves (worn)
Jewellery
 i - an amulet of stasis (around neck)
Scrolls
 g - 5 scrolls of identify
 j - a scroll of fear {unknown}
 o - a scroll of remove curse {unknown}
 q - a scroll of blinking {unknown}
 t - 2 scrolls of fog {unknown}
Potions
 e - a potion of magic {unknown}
 f - a potion of agility {unknown}
 k - 4 potions of flight
 m - a potion of lignification
 n - a potion of curing
Books
 b - a book of Conjurations

   Spells                             Type                      Level
   a - Magic Dart                     Conjuration                  1
   b - Searing Ray                    Conjuration                  2
   c - Dazzling Spray                 Conjuration/Hexes            3
   d - Fulminant Prism                Conjuration/Hexes            4
   e - Iskenderun's Mystic Blast      Conjuration                  4
   f - Iskenderun's Battlesphere      Conjuration/Charms           5
Comestibles
 c - 4 bread rations
 s - 2 meat rations


   Skills:
 - Level 4.1 Fighting
 + Level 4.2 Maces & Flails
 - Level 2.0 Dodging
 - Level 2.0 Stealth
 - Level 2.0 Spellcasting
 - Level 4.0 Conjurations


You had 6 spell levels left.
You knew the following spells:

 Your Spells              Type           Power        Failure   Level  Hunger
a - Magic Dart            Conj           ##..         12%         1    #......
b - Searing Ray           Conj           ##....       17%         2    ###....


Dungeon Overview and Level Annotations

Branches:
Dungeon (5/15)
 Temple: D:4-7

Altars:


Message History

You feel sick.
The worker ant bites you but does no damage.
You feel sick.
Found a scroll labeled OROYRIFIE.
Found 17 bolts.
You feel sick.
The worker ant bites you but does no damage.
You feel sick.
There is a stone staircase leading up here.
The worker ant bites you but does no damage.
You fly upwards.
You feel sick.
The iguana bites you but does no damage.
There is a stone staircase leading down here.
The iguana bites you!
* * * LOW HITPOINT WARNING * * *
The worker ant bites you but does no damage.
You fly downwards.
* * * LOW HITPOINT WARNING * * *
You feel sick. The crimson imp hits you.
You die...

######## #..5...#
.(.###.####.#
....?....###l##.#...
###.###....a@......#
#.##.#5####.##
#.##.#.# #......#
###(..## #...# #...#
#...#


You could see an iguana, a worker ant and a crimson imp.

Vanquished Creatures
  Purgy (Sewer)
  An orc wizard (D:4)
  A worker ant (D:4)
  3 adders
  2 oozes (D:1)
  3 worms
  9 orcs
  4 ball pythons (Sewer)
  2 giant cockroaches
  11 goblins
  9 hobgoblins
  8 jackals
  8 bats
  8 giant geckos
  4 giant newts
  9 kobolds
  2 quokkas
  9 rats
94 creatures vanquished.

Notes
Turn   | Place    | Note
--------------------------------------------------------------
     0 | D:1      | Ghalim the Human Conjurer began the quest for the Orb.
     0 | D:1      | Reached XP level 1. HP: 13/13 MP: 3/3
    71 | D:1      | Reached skill level 1 in Fighting
   121 | D:1      | Reached XP level 2. HP: 8/21 MP: 1/5
   555 | D:1      | Reached XP level 3. HP: 20/28 MP: 1/6
   846 | D:1      | Learned a level 2 spell: Searing Ray
  1836 | D:2      | Reached XP level 4. HP: 28/35 MP: 1/7
  3269 | D:3      | Reached XP level 5. HP: 30/42 MP: 1/8
  3830 | D:3      | Reached skill level 1 in Maces & Flails
  4528 | D:4      | Found a glowing drain.
  4564 | Sewer    | Entered a sewer
  4599 | Sewer    | Noticed Purgy
  4620 | Sewer    | HP: 1/42 [Purgy (7)]
  4657 | Sewer    | Killed Purgy
  4657 | Sewer    | Reached XP level 6. HP: 16/48 MP: 3/9
  5142 | D:5      | Entered Level 5 of the Dungeon
  5167 | D:4      | HP: 2/48 [iguana (11)]
  5168 | D:5      | Slain by a crimson imp

Vault maps used:
D:1:      tarquinn_simple_flora_water_b
D:2:      minmay_box_of_dots
D:3:      wad_pebble_path, minmay_close_crescents
D:4:      nicolae_ossuary_entry_false_entrances, portal_sewer_entry_d,
          fedhas_altar_fruit_tree
D:5:      minmay_temple_entry_overgrown, first_bread
Sewer:    sewer_co_purgy_island

Action                   |  1- 3 |  4- 6 || total
-------------------------+-------+-------++-------
Melee: Short sword       |    25 |     4 ||    29
       Rapier            |       |     7 ||     7
       Whip              |       |   153 ||   153
 Cast: Magic Dart        |    70 |   103 ||   173
       Searing Ray       |     1 |    11 ||    12
  Use: Potion            |       |     6 ||     6
       Scroll            |       |     1 ||     1
  Eat: Chunk             |     1 |     9 ||    10
       Bread ration      |     1 |       ||     1
       Beef jerky        |       |     1 ||     1
